 Dungeon Crawl Stone Soup version 0.30.0-15-g856e2d3f33 (webtiles) character file.

Game seed: 7901515447910919850

10203 jasper the Frost Mage (level 11, -8/64 HPs)
             Began as a Deep Elf Conjurer on May 18, 2023.
             Was a Believer of Vehumet.
             Shot with an arrow by a centaur (10 damage)
             ... on level 11 of the Dungeon.
             The game lasted 00:19:11 (12839 turns).

jasper the Frost Mage (Deep Elf Conjurer)          Turns: 12839, Time: 00:19:12

Health: -8/64      AC:  7    Str:  4    XL:     11   Next: 33%
Magic:  18/22      EV: 16    Int: 28    God:    Vehumet [**....]
Gold:   607        SH:  0    Dex: 13    Spells: 3/22 levels left

rFire   + . .        s - +4 trident (vamp)
rCold   . . .        (no shield)
rNeg    . . .        a - +0 robe
rPois   .            (no helmet)
rElec   .            i - +0 cloak
rCorr   .            g - +2 pair of gloves
SInv    .            y - +0 pair of boots
Will    +....        (no amulet)
Stlth   ++           e - ring of protection from fire
HPRegen 0.30/turn    (no ring)
MPRegen 0.18/turn

%: no passive effects
@: no status effects
A: no striking features
a: Renounce Religion


You were on level 11 of the Dungeon.
You worshipped Vehumet.
Vehumet was pleased with you.
You visited 1 branch of the dungeon, and saw 11 of its levels.

You collected 607 gold pieces.

Inventory:

Hand Weapons
 j - a +0 short sword of venom
 n - a +4 dagger
 s - a +4 vampiric trident (weapon)
 C - a +1 trident of venom
Missiles
 w - a throwing net
Armour
 a - a +0 robe (worn)
 b - a +0 pair of gloves
 g - a +2 pair of gloves (worn)
 i - a +0 cloak (worn)
 y - a +0 pair of boots (worn)
Jewellery
 e - a ring of protection from fire (left hand)
 A - a ring of protection from cold
 E - a ring of see invisible
 F - a ring of protection from fire
 G - a +4 ring of protection
Wands
 p - a wand of digging (14)
 D - a wand of roots (9)
Scrolls
 f - 4 scrolls of teleportation
 l - a scroll of identify
 r - a scroll of immolation
 t - a scroll of fear
 u - a scroll of amnesia
 x - a scroll of magic mapping
 z - a scroll of enchant armour
 B - a scroll of blinking
 I - a scroll of silence
Potions
 c - 3 potions of degeneration
 d - a potion of brilliance
 h - 4 potions of mutation
 k - 6 potions of curing
 m - a potion of cancellation
 o - a potion of haste
 q - a potion of berserk rage
 v - 2 potions of attraction
 H - a potion of resistance


   Skills:
 - Level 5.9 Fighting
 - Level 9.1 Dodging
 - Level 2.4 Stealth
 - Level 6.0 Spellcasting
 - Level 8.2 Conjurations
 - Level 5.0 Hexes
 - Level 5.0 Translocations
 + Level 12.1 Ice Magic


You had 3 spell levels left.
You knew the following spells:

 Your Spells              Type           Power      Damage    Failure   Level
a - Magic Dart            Conj           100%       1d8       1%          1
b - Searing Ray           Conj           100%       2d8       1%          2
c - Fulminant Prism       Conj/Hex       22%        3d12      4%          4
d - Iskenderun's Mystic   Conj/Tloc      45%        2d10      4%          4
e - Ozocubu's Armour      Ice            66%        N/A       1%          3
f - Metabolic Englaciati  Hex/Ice        27%        N/A       4%          5

Your spell library contained the following spells:

 Spells                   Type           Power      Damage    Failure   Level
 Ignite Poison            Fire/Tmut/Pois 8%         N/A       19%         3
 Slow                     Hex            100%       N/A       1%          1
 Dazzling Flash           Conj/Hex       90%        N/A       1%          3
 Confusing Touch          Hex            36%        N/A       2%          3
 Beastly Appendage        Tmut           16%        N/A       6%          1
 Wereblood                Tmut           8%         N/A       9%          2
 Spider Form              Tmut/Pois      8%         N/A       19%         3
 Vampiric Draining        Necr           8%         2d6       19%         3
 Manifold Assault         Tloc           36%        N/A       8%          4
 Ozocubu's Refrigeration  Ice            33%        4d14      34%         7
 Petrify                  Tmut/Erth      8%         N/A       52%         4
 Silence                  Hex/Air        11%        N/A       52%         5
 Dispersal                Tloc           18%        N/A       75%         6
 Agony                    Necr           8%         N/A       86%         5
 Statue Form              Tmut/Erth      5%         N/A       100%        6
 Disjunction              Tloc           18%        N/A       100%        8


Dungeon Overview and Level Annotations

Branches:
Dungeon (11/15)            Temple (0/1) D:6             Orc (0/2) D:9
   Lair: D:8-11

Altars:
Elyvilon
Qazlal
Vehumet
The Shining One

Shops:
D:6 *   D:7 :

Portals:
Trove: D:11 (give +5 fire dragon scales)
Bailey: D:10

Annotations:
D:10 Fannar, Maggie, Nergalle


Message History

The centaur shoots an arrow.
The arrow barely misses you.
You see here 17 gold pieces. 2 centaurs come into view.
The centaur shouts!
You hear a shout!
The centaur shoots an arrow.
The arrow barely misses you.
The centaur shoots an arrow.
The arrow barely misses you.
A centaur comes into view.
The centaur wields a +0 shortbow.
The centaur shoots an arrow.
The arrow hits you.
The centaur shoots an arrow.
The arrow closely misses you.
The centaur shoots an arrow.
The arrow hits you!
The centaur wields a +0 shortbow.
The centaur shoots an arrow.
The arrow closely misses you.
You see here a scroll of identify.
You take 11 damage, and have 53/64 hp.
Casting: Searing Ray (safe; 1% risk of failure)
Confirm with . or Enter, or press ? or * to list all spells.
Aiming: Fulminant Prism (dangerous; 4% risk of failure)
Press: ? - help, Dir - move target You conjure a prism of explosive energy!
A fulminant prism comes into view.
The centaur shoots an arrow.
The arrow hits you!
The centaur shoots an arrow.
The arrow closely misses you.
The centaur shoots an arrow.
The arrow hits you.
The centaur shoots an arrow.
The arrow hits you!
The centaur shoots an arrow.
The arrow barely misses you.
The centaur shoots an arrow.
The arrow hits you!
You take 32 damage, and have 21/64 hp.
MASSIVE DAMAGE!!
You now have 18/22 mp.
The centaur shoots an arrow.
The arrow closely misses you.
The centaur shoots an arrow.
The arrow hits you.
* * * LOW HITPOINT WARNING * * *
Your fulminant prism crackles loudly.
The centaur wields a +0 shortbow.
The centaur shoots an arrow.
The arrow hits you!
* * * LOW HITPOINT WARNING * * *
You take 13 damage, and have 8/64 hp.
MASSIVE DAMAGE!!
The centaur shoots an arrow.
The arrow hits you.
* * * LOW HITPOINT WARNING * * *
The centaur unwields a +0 shortbow.
The centaur barely misses you. The centaur kicks you.
* * * LOW HITPOINT WARNING * * *
The centaur shoots an arrow.
The arrow hits you!
You die...

# ######'### #.
#......... ###'########
#......... #..........##
#......... #.....*..[.)#
#.........
#.........∩.###.........
#.....cc.?.$..'.........
#.....c....+.##.........
#....cc@...####.........
############ #.........
##########


You could see 5 centaurs and a friendly fulminant prism.

Vanquished Creatures
  3 two-headed ogres (D:11)
  An obsidian statue (D:9)
  2 cyclopes (D:11)
  An ugly thing (D:11)
  A kobold demonologist (D:10)
  An unseen horror (D:11)
  2 trolls
  A wraith (D:11)
  Sigmund (D:3)
  7 yaks
  A steam dragon (D:7)
  4 vampire mosquitoes (D:11)
  A water moccasin (D:5)
  5 orc warriors
  2 ice beasts
  3 sky beasts
  A black bear (D:7)
  5 ogres
  4 centaurs
  A kobold brigand (D:9)
  4 bullfrogs
  A gnoll sergeant (D:5)
  2 scorpions
  4 wights (D:7)
  3 howler monkeys
  4 jellies
  5 hounds
  8 orc priests
  2 sleepcaps
  Natasha (thrice) (D:3)
  5 iguanas
  13 orc wizards
  Ijyb (D:3)
  3 adders
  9 gnolls
  A shadow imp (D:6)
  4 white imps
  A worm (D:3)
  4 dart slugs
  45 orcs
  8 endoplasms
  A giant cockroach (D:2)
  4 goblins
  7 hobgoblins
  3 jackals (D:2)
  12 kobolds
  3 ball pythons
  A bat (D:2)
  4 frilled lizards
  4 goblin skeletons (D:6)
  2 goblin zombies (D:6)
  3 hobgoblin zombies (D:6)
  An orc skeleton (D:6)
  An orc zombie (D:6)
  6 rats
229 creatures vanquished.

Vanquished Creatures (others)
  50 fulminant prisms
50 creatures vanquished.

Grand Total: 279 creatures vanquished

Notes
Turn   | Place    | Note
-------+----------+-------------------------------------------
     0 | D:1      | jasper the Deep Elf Conjurer began the quest for the Orb.
     0 | D:1      | Reached XP level 1. HP: 10/10 MP: 6/6
   315 | D:1      | Reached skill level 5 in Conjurations
   315 | D:1      | Reached XP level 2. HP: 15/15 MP: 4/8
   643 | D:1      | Learned a level 2 spell: Searing Ray
   648 | D:2      | Reached XP level 3. HP: 19/19 MP: 4/9
  1187 | D:2      | Reached XP level 4. HP: 24/24 MP: 4/10
  1192 | D:2      | Learned a level 4 spell: Fulminant Prism
  1682 | D:3      | Reached skill level 1 in Hexes
  2028 | D:3      | Noticed Sigmund
  2034 | D:3      | Killed Sigmund
  2035 | D:3      | Reached skill level 5 in Hexes
  2035 | D:3      | Reached XP level 5. HP: 28/28 MP: 4/11
  2035 | D:3      | Noticed Natasha
  2039 | D:3      | Killed Natasha
  2040 | D:3      | Reached XP level 6. HP: 30/32 MP: 2/13
  2045 | D:3      | Learned a level 4 spell: Iskenderun's Mystic Blast
  2309 | D:3      | Noticed Ijyb
  2316 | D:3      | Killed Ijyb
  2317 | D:3      | Reached skill level 1 in Translocations
  2756 | D:3      | Noticed Natasha
  2762 | D:3      | Killed Natasha
  2835 | D:3      | Noticed Natasha
  2842 | D:3      | Killed Natasha
  3662 | D:4      | Reached XP level 7. HP: 36/36 MP: 12/14
  3769 | D:4      | Found a stormy altar of Qazlal.
  3880 | D:4      | Found a radiant altar of Vehumet.
  4441 | D:5      | Entered Level 5 of the Dungeon
  4487 | D:5      | Reached skill level 5 in Translocations
  5236 | D:6      | Reached XP level 8. HP: 42/42 MP: 9/16
  5375 | D:6      | Reached skill level 1 in Fighting
  5859 | D:4      | Became a worshipper of Vehumet
  6732 | D:6      | Found Ehee's Overcharged Wands.
  6741 | D:6      | Reached skill level 5 in Dodging
  6865 | D:6      | Found a glowing golden altar of the Shining One.
  7248 | D:6      | Found a staircase to the Ecumenical Temple.
  7569 | D:7      | Reached XP level 9. HP: 47/52 MP: 1/17
  7753 | D:7      | Found Haqegex's Book Boutique.
  7801 | D:7      | Reached * piety under Vehumet
  7801 | D:7      | Offered knowledge of Shock by Vehumet.
  8121 | D:7      | Found a white marble altar of Elyvilon.
  8128 | D:7      | Reached skill level 5 in Fighting
  8860 | D:8      | Learned a level 3 spell: Ozocubu's Armour
  9041 | D:8      | Reached skill level 1 in Ice Magic
  9514 | D:9      | Reached skill level 2 in Ice Magic
  9610 | D:9      | Reached skill level 3 in Ice Magic
  9668 | D:9      | Noticed an obsidian statue
  9672 | D:9      | Offered knowledge of Static Discharge by Vehumet.
  9679 | D:9      | Reached ** piety under Vehumet
  9892 | D:9      | Reached skill level 4 in Ice Magic
 10096 | D:9      | Killed an obsidian statue
 10097 | D:9      | Reached skill level 5 in Ice Magic
 10097 | D:9      | Reached XP level 10. HP: 43/60 MP: 1/18
 10238 | D:9      | Reached skill level 6 in Ice Magic
 10493 | D:9      | Reached skill level 7 in Ice Magic
 10660 | D:9      | Found a staircase to the Orcish Mines.
 11007 | D:10     | Entered Level 10 of the Dungeon
 11022 | D:10     | Noticed Nergalle
 11025 | D:10     | Noticed a spectral orc warlord
 11263 | D:10     | Noticed Maggie
 11271 | D:10     | Reached skill level 8 in Ice Magic
 11273 | D:10     | Noticed Fannar
 11277 | D:10     | Noticed a two-headed ogre
 11282 | D:10     | Found a flagged portal.
 11594 | D:11     | Noticed a cyclops
 11610 | D:11     | Killed a cyclops
 11611 | D:11     | Reached skill level 9 in Ice Magic
 11902 | D:11     | Noticed a two-headed ogre
 11902 | D:11     | Noticed a cyclops
 11945 | D:11     | Killed a cyclops
 11953 | D:11     | Reached skill level 10 in Ice Magic
 12132 | D:11     | Noticed a two-headed ogre
 12151 | D:11     | Killed a two-headed ogre
 12399 | D:11     | Noticed a two-headed ogre
 12423 | D:11     | Reached skill level 11 in Ice Magic
 12423 | D:11     | Reached XP level 11. HP: 64/64 MP: 15/19
 12455 | D:11     | Killed a two-headed ogre
 12455 | D:11     | Offered knowledge of Ignite Poison by Vehumet.
 12456 | D:11     | Reached skill level 5 in Spellcasting
 12462 | D:11     | Learned a level 5 spell: Metabolic Englaciation
 12475 | D:11     | Noticed a red ugly thing
 12733 | D:11     | Killed a red ugly thing
 12748 | D:11     | Killed a two-headed ogre
 12749 | D:11     | Reached skill level 12 in Ice Magic
 12828 | D:11     | Found a portal to a secret trove of treasure.
 12839 | D:11     | HP: 2/64 [centaur (3)]
 12839 | D:11     | Shot with an arrow by a centaur

Illustrated notes

Levels and vault maps discovered:
D:1:      lemuel_arrival_rhombus, layout_rooms, minmay_misc_feat_chi
D:2:      layout_basic, serial_bayou_lagoon_a
D:3:      layout_loops_ring, grunt_decor_arrowhead, uniq_ijyb, uniq_natasha,
          uniq_sigmund
D:4:      layout_basic, nicolae_overflow_hidden_temple, grunt_qazlal_sundering,
          minmay_between
D:5:      layout_cave_pods
D:6:      layout_loops_corners, nicolae_tso_besieged_by_evil,
          minmay_temple_entry_ruins, nicolae_shop_overcharged_wands
D:7:      layout_rooms, elyvilon_altar_5, serial_shops,
          nicolae_shop_tiny_real_fake_doors, minmay_misc_feat_four_crosses
D:8:      layout_loops_cross
D:9:      layout_small_grid, erik_orc_3, minmay_statue_bubble
D:10:     layout_cave_pools, kennysheep_little_box, trog_three_pillars_becter,
          dpeg_oklobed_lair, enter_bailey_2, serial_shops, shop, uniq_fannar,
          uniq_maggie, uniq_nergalle
D:11:     layout_roguey, nicolae_trove_entry_free_sample,
          kennysheep_opposing_triangles

Skill      XL: |  1  2  3  4  5  6  7  8  9 10 11 |
---------------+----------------------------------+-----
Conjurations   | 5 6 8 |  8.2
Hexes          | 5 |  5.0
Translocations | 4 5 |  5.0
Spellcasting   | 4 6 |  6.0
Fighting       | 4 5 |  5.9
Dodging        | 6 9 |  9.1
Ice Magic      | 5 11 12 | 12.1
Stealth        | |  2.4

Action                     |  1- 3 |  4- 6 |  7- 9 | 10-12 || total
---------------------------+-------+-------+-------+-------++-------
  Melee: Short sword       |       |     6 |       |       ||     6
         Trident           |       |       |    78 |    84 ||   162
         Punch             |       |       |     2 |       ||     2
         Unarmed           |       |       |       |     2 ||     2
   Cast: Magic Dart        |    49 |    46 |   128 |    20 ||   243
         Searing Ray       |     2 |    21 |    54 |    22 ||    99
         Fulminant Prism   |       |     1 |    24 |    26 ||    51
         Iskenderun's Myst |       |       |     7 |    18 ||    25
         Ozocubu's Armour  |       |       |     2 |     3 ||     5
         Metabolic Englaci |       |       |       |     2 ||     2
  Evoke: Wand              |       |       |       |    12 ||    12
    Use: Scroll            |       |     8 |    10 |     7 ||    25
         Potion            |       |       |     1 |     6 ||     7
   Stab: Invisible         |       |       |       |     1 ||     1
 Armour: Robe              |       |     7 |    83 |    32 ||   122
         Skin              |       |       |       |    19 ||    19
  Dodge: Dodged            |     2 |    16 |   132 |   116 ||   266
